 Seeded DCSS version 0.29-a0-378-gc08b2e8bf8 (webtiles) character file.

Game seed: 11209228527372561431 (custom seed)

2415 zeratav the Archer (level 9, -1/57 HPs)
             Began as a Tengu Hunter on May 4, 2022.
             Was a Follower of Dithmenos.
             Succumbed to a killer bee's poison
             ... on level 7 of the Dungeon.
             The game lasted 00:10:22 (6523 turns).

zeratav the Archer (Tengu Hunter)                   Turns: 6523, Time: 00:10:23

Health: -1/57      AC:  9    Str: 12    XL:     9   Next: 47%
Magic:  10/10      EV: 15    Int:  9    God:    Dithmenos [*.....]
Gold:   261        SH:  0    Dex: 31    Spells: 8/8 levels left

rFire   . . .      SeeInvis .   a - +1 shortbow {bow}
rCold   . . .      Faith    .   (shield currently unavailable)
rNeg    + . .      Spirit   .   w - +3 leather armour
rPois   .          Reflect  .   E - +0 hat
rElec   .          Harm     .   m - +2 cloak of Stoicism {Contam rN+ Will+ Dex+3}
rCorr   .          Rampage  .   (no gloves)
Will    +....                   (boots unavailable)
Stlth   +++.......              (no amulet)
HPRegen 0.19/turn               b - +6 ring of dexterity
MPRegen 0.12/turn               (no ring)

@: lethally poisoned (-1 -> -21), flying quickly and evasively, wreathed by
umbra, quick
A: beak, talons 3, nimble flight
a: Renounce Religion


You were on level 7 of the Dungeon.
You worshipped Dithmenos.
Dithmenos was aware of your devotion.
You visited 2 branches of the dungeon, and saw 8 of its levels.

You collected 261 gold pieces.


Innate Abilities, Weirdness & Mutations

You have a beak for a mouth.
You have claws for feet.
Your magical nature lets you fly swiftly and evasively.


   Skills:
 + Level 7.4 Fighting
 - Level 12.0 Bows
 - Level 2.1 Dodging
 - Level 1.0 Stealth


You had 8 spell levels left.
You didn't know any spells.
Your spell library contained the following spells:

 Spells                   Type           Power      Damage    Failure   Level
 Beastly Appendage        Tmut           0%         N/A       45%         1
 Slow                     Hex            0%         N/A       45%         1
 Blink                    Tloc           0%         N/A       61%         2
 Scorch                   Fire           0%         2d5       61%         2
 Wereblood                Tmut           0%         N/A       61%         2
 Confusing Touch          Hex            0%         N/A       83%         3
 Gell's Gravitas          Tloc           0%         N/A       83%         3
 Inner Flame              Hex/Fire       0%         N/A       83%         3
 Lesser Beckoning         Tloc           0%         N/A       83%         3
 Spider Form              Tmut/Pois      0%         N/A       83%         3
 Summon Guardian Golem    Hex/Summ       0%         N/A       83%         3
 Teleport Other           Tloc           0%         N/A       83%         3
 Vampiric Draining        Necr           0%         2d6       83%         3
 Cause Fear               Hex            0%         N/A       99%         4
 Fireball                 Conj/Fire      0%         3d3       100%        5
 Manifold Assault         Tloc           0%         N/A       100%        5
 Orb of Destruction       Conj           0%         9d5       100%        7
 Spellforged Servitor     Conj/Summ      0%         N/A       100%        7
 Discord                  Hex            0%         N/A       100%        8

Inventory:

Hand Weapons
 a - a +1 shortbow (weapon) {bow}
 y - a +3 hunting sling {sling}
   (You found it on level 6 of the Dungeon)
Armour
 m - the +2 cloak of Stoicism (worn) {Contam rN+ Will+ Dex+3}
   (You found it on level 2 of the Dungeon)

   Dex:       It affects your dexterity (+3).
   rN:        It protects you from negative energy.
   Contam:    It causes magical contamination when unequipped.
   Will:      It increases your willpower.
 r - a +1 robe of fire resistance
   (You took it off Jessica on level 3 of the Dungeon)
 w - a +3 leather armour (worn)
   (You found it on level 6 of the Dungeon)
 E - a +0 hat (worn)
   (You found it on level 5 of the Dungeon)
Jewellery
 b - a +6 ring of dexterity (left hand)
   (You acquired it on level 4 of the Dungeon)
Wands
 q - a wand of flame (22)
   (You found it on level 3 of the Dungeon)
 s - a wand of polymorph (2)
   (You took it off Natasha on level 3 of the Dungeon)
 C - a wand of iceblast (11)
   (You found it on level 5 of the Dungeon)
Scrolls
 c - 4 scrolls of immolation {!r!r}
 h - a scroll of brand weapon {unknown}
 i - 2 scrolls of identify {unknown}
 j - a scroll of poison {unknown}
 k - 7 scrolls of teleportation {unknown}
 l - a scroll of summoning {unknown}
 o - a scroll of fog {unknown}
 v - a scroll of amnesia {unknown}
 x - a scroll of enchant armour {unknown}
 G - a scroll of blinking {!r}
Potions
 d - 4 potions of curing {unknown}
 e - 5 potions of heal wounds {unknown}
 f - a potion of mutation {unknown}
 g - 2 potions of cancellation {unknown}
 n - 2 potions of might {unknown}
 p - a potion of berserk rage {unknown}
 t - a potion of brilliance {unknown}
 u - a potion of lignification {unknown}
 z - a potion of degeneration {unknown}
 A - a potion of haste {unknown}
 D - a potion of magic {unknown}

Dungeon Overview and Level Annotations

Branches:
Dungeon (7/15)             Temple (1/1) D:5

Altars:
Ashenzari
Dithmenos
Elyvilon
Fedhas
Gozag
Hepliaklqana
Kikubaaqudgha
Makhleb
Nemelex Xobeh
Okawaru
Qazlal
Ru
Sif Muna
Trog
Uskayaw
Wu Jian
Yredelemnul
Zin

Annotations:
D:4 Edmund

############## #####
#...+........#.....#
#...#.....yy.'.....#
#..##...##@y†##..###
#..##...##.y.# #
#...#....#...#
#...'....#...#......
#..##....#...#.....
#####...##...##....
#....##...##..# ###
#......(.)##..######..#
#.....................#


You could see 4 killer bees.


Message History

The killer bee buzzes angrily. x3
You shoot an arrow. The arrow barely misses the killer bee.
The killer bee buzzes angrily.
The arrow hits the killer bee.
You shoot an arrow.
The arrow completely misses the killer bee.
The killer bee misses you. The killer bee stings you.
HP[-2]
You take 2 damage, and now have 55/57 hp.
You shoot an arrow. The arrow hits the killer bee!
The killer bee closely misses you. x2; The killer bee barely misses you.
The killer bee misses you. The killer bee closely misses you.
The killer bee barely misses you.
You shoot an arrow.
The arrow closely misses the killer bee.
The killer bee stings you! The killer bee closely misses you.
The killer bee misses you. The killer bee barely misses you.
The killer bee closely misses you. x2
HP[-8]
You take 8 damage, and now have 47/57 hp.
You shoot an arrow. The arrow hits the killer bee!
You kill the killer bee!
Dithmenos accepts your kill. The killer bee stings you.
You are poisoned.
The killer bee poisons you! The killer bee completely misses you.
The killer bee closely misses you.
HP[-3]
You take 3 damage, and now have 44/57 hp.
You shoot an arrow.
The arrow hits the killer bee but does no damage.
You feel sick. The killer bee misses you. The killer bee stings you.
You are more poisoned.
The killer bee poisons you! The killer bee misses you.
The killer bee barely misses you. The killer bee completely misses you.
The killer bee barely misses you.
HP[-3]
You take 3 damage, and now have 41/57 hp.
Shoot: a) +1 shortbow {bow}
Press: ? - help, Q - select action, (/) - cycle Shift-Dir - straight line, f/p - killer bee
Aim: a killer bee (umbra, 56% to hit)
You shoot an arrow.
The arrow closely misses the killer bee.
You feel very sick. The killer bee closely misses you.
The killer bee stings you. The killer bee closely misses you.
HP[-4]
You take 4 damage, and now have 37/57 hp.
Shoot: a) +1 shortbow {bow}
Press: ? - help, Q - select action, (/) - cycle Shift-Dir - straight line, f/p - killer bee
Aim: a killer bee (umbra, 56% to hit)
You shoot an arrow. The arrow misses the killer bee.
You feel very sick.
The killer bee stings you but does no damage. x2
The killer bee stings you.
* * * LOW HITPOINT WARNING * * *
You are more poisoned.
The killer bee poisons you! The killer bee closely misses you. x2
The killer bee barely misses you.
HP[-9]
You take 9 damage, and now have 28/57 hp.
You feel very sick.
The killer bee stings you but does no damage.
The killer bee closely misses you. The killer bee barely misses you.
The killer bee stings you.
* * * LOW HITPOINT WARNING * * *
You are more poisoned.
The killer bee poisons you!
HP[-5]
You take 5 damage, and now have 23/57 hp.
The killer bee attacks as you move away!
The killer bee stings you.
* * * LOW HITPOINT WARNING * * *
You are lethally poisoned!
The killer bee poisons you!
* * * LOW HITPOINT WARNING * * *
You feel very sick. The killer bee closely misses you.
The killer bee barely misses you. The killer bee closely misses you.
HP[-6]
You take 6 damage, and now have 17/57 hp.
Shoot: a) +1 shortbow {bow}
Press: ? - help, Q - select action, (/) - cycle Shift-Dir - straight line, f/p - killer bee
Aim: a killer bee (umbra, 56% to hit)
You shoot an arrow. The arrow hits the killer bee!
* * * LOW HITPOINT WARNING * * *
You feel very sick. The killer bee closely misses you.
The killer bee barely misses you. x2
The killer bee misses you.
The killer bee stings you but does no damage. x2
The killer bee barely misses you. The killer bee stings you!
* * * LOW HITPOINT WARNING * * *
HP[-13]
You take 13 damage, and now have 4/57 hp.
MASSIVE DAMAGE!! (PAUSE) Shoot: a) +1 shortbow {bow}
Press: ? - help, Q - select action, (/) - cycle Shift-Dir - straight line, f/p - killer bee
Aim: a killer bee (heavily wounded, umbra, 56% to hit)
You shoot an arrow. The arrow barely misses the killer bee.
You die...

Skill      XL: |  1  2  3  4  5  6  7  8  9 |
---------------+----------------------------+-----
Bows           | 5 6 8 10 12 | 12.0
Fighting       | 5 7 |  7.4
Dodging        | |  2.1
Stealth        | |  1.0

Action                   |  1- 3 |  4- 6 |  7- 9 || total
-------------------------+-------+-------+-------++-------
Melee: Shortbow          |       |       |     1 ||     1
 Fire: Shortbow          |    70 |   124 |   235 ||   429
  Use: Scroll            |       |       |     2 ||     2
Armor: Leather armour    |    11 |    15 |     6 ||    32
       Robe              |       |       |    11 ||    11
Dodge: Dodged            |    34 |    35 |    76 ||   145

Levels and vault maps discovered:
D:1:      roderic_octagonal_star, layout_rooms, minmay_pentomino_r4
D:2:      minmay_skewed_foursquare, layout_basic,
          shapermc_ecumenical_altar_pompeii, minmay_diced_spiral
D:3:      layout_rooms, lemuel_tele_altar, uniq_jessica, uniq_natasha,
          uniq_grinder
D:4:      layout_loops_ring, uniq_edmund
D:5:      wander_river, layout_layer_cave, grunt_temple_overflow_diamond,
          lemuel_doored_altar, minmay_temple_entry_slanted,
          kennysheep_big_empty_room, uniq_blork_the_orc
D:6:      layout_rooms
D:7:      layout_gridville, chequers_serial_rivers_micro_c,
          uniq_crazy_yiuf_cottage
Temple:   cyrus_circular_temple

Notes
Turn   | Place    | Note
-------+----------+-------------------------------------------
     0 | D:1      | zeratav the Tengu Hunter began the quest for the Orb.
     0 | D:1      | Reached XP level 1. HP: 12/12 MP: 2/2
     0 | D:1      | magus.rc [v1.9.6]
   101 | D:1      | Reached skill level 5 in Bows
   101 | D:1      | Reached XP level 2. HP: 10/17 MP: 3/3
   288 | D:1      | You pick up a book of Hexes and begin reading...
   288 | D:1      | You add the spells Inner Flame, Cause Fear and Discord to
                  | your library.
   306 | D:1      | HP: 2/17 [rat (3)]
   614 | D:1      | Reached XP level 3. HP: 21/21 MP: 4/4
   635 | D:1      | You pick up a book of Debilitation and begin reading...
   635 | D:1      | You add the spells Slow, Vampiric Draining and Confusing
                  | Touch to your library.
   779 | D:1      | You pick up a book of Spatial Translocations and begin
                  | reading...
   779 | D:1      | You add the spells Blink, Lesser Beckoning and Manifold
                  | Assault to your library.
  1013 | D:2      | Found a faded altar of an unknown god.
  1034 | D:2      | Identified the +2 cloak of Stoicism {Contam rN+ Will+
                  | Dex+3}
  1060 | D:2      | Reached skill level 6 in Bows
  1086 | D:2      | Reached XP level 4. HP: 26/26 MP: 5/5
  1555 | D:2      | Gained mutation: Your magical nature lets you fly swiftly
                  | and evasively. [Tengu growth]
  1555 | D:2      | Reached XP level 5. HP: 30/30 MP: 6/6
  1565 | D:2      | HP: 4/30 [gnoll/+0 flail (9)]
  2201 | D:2      | Reached skill level 7 in Bows
  2403 | D:3      | You pick up a book of Displacement and begin reading...
  2403 | D:3      | You add the spells Gell's Gravitas and Teleport Other to
                  | your library.
  2505 | D:3      | Noticed Natasha
  2509 | D:3      | Killed Natasha
  2556 | D:3      | Noticed Natasha
  2597 | D:3      | Noticed Grinder
  2609 | D:3      | Killed Grinder
  2610 | D:3      | Reached skill level 8 in Bows
  2610 | D:3      | Reached XP level 6. HP: 31/35 MP: 7/7
  2645 | D:3      | Noticed Jessica
  2647 | D:3      | Killed Jessica
  2714 | D:3      | Killed Natasha
  2858 | D:3      | Found a stormy altar of Qazlal.
  2864 | D:3      | Reached XP level 7. HP: 40/40 MP: 8/8
  2931 | D:3      | Noticed Natasha
  2934 | D:3      | Killed Natasha
  2935 | D:3      | Reached skill level 9 in Bows
  3020 | D:4      | You pick up a book of Dangerous Friends and begin
                  | reading...
  3020 | D:4      | You add the spells Summon Guardian Golem, Orb of
                  | Destruction and Spellforged Servitor to your library.
  3345 | D:4      | Noticed Edmund
  3349 | D:4      | Identified a scroll of acquirement
  3349 | D:4      | Acquired a +6 ring of dexterity
  3398 | D:4      | Reached skill level 10 in Bows
  3835 | D:5      | Entered Level 5 of the Dungeon
  3898 | D:5      | Found a staircase to the Ecumenical Temple.
  3910 | Temple   | Entered the Ecumenical Temple
  3977 | Temple   | Became a worshipper of Dithmenos the Shadowed
  4080 | D:5      | Noticed Blork the orc
  4084 | D:5      | Killed Blork the orc
  4165 | D:5      | Reached XP level 8. HP: 44/44 MP: 9/9
  4267 | D:5      | You pick up a book of Spatial Translocations and begin
                  | reading...
  4545 | D:5      | Reached skill level 11 in Bows
  4576 | D:5      | Found a glowing silver altar of Zin.
  4587 | D:5      | HP: 6/44 [gnoll/+0 halberd (13)]
  4611 | D:5      | Reached * piety under Dithmenos
  5022 | D:5      | Found a sparkling altar of Nemelex Xobeh.
  5025 | D:5      | Found a shimmering blue altar of Sif Muna.
  5110 | D:5      | Found a burning altar of Makhleb.
  5493 | D:6      | You pick up a book of Changes and begin reading...
  5493 | D:6      | You add the spells Beastly Appendage, Wereblood and Spider
                  | Form to your library.
  5542 | D:6      | Reached skill level 12 in Bows
  5748 | D:6      | You add the spells Scorch and Fireball to your library.
  5748 | D:6      | Got Xaenkud's Guide on the Blaze
  5770 | D:6      | Reached skill level 3 in Fighting
  5778 | D:6      | Reached skill level 4 in Fighting
  6131 | D:7      | Reached skill level 5 in Fighting
  6131 | D:7      | Reached XP level 9. HP: 54/54 MP: 10/10
  6169 | D:7      | Noticed a two-headed ogre
  6203 | D:7      | HP: 5/54 [two-headed ogre/+0 giant spiked club (21)]
  6204 | D:7      | Killed a two-headed ogre
  6205 | D:7      | Reached skill level 7 in Fighting
  6522 | D:7      | HP: 12/57 [poisoned by a killer bee]
  6522 | D:7      | HP: 4/57 [killer bee (8)]
  6523 | D:7      | Succumbed to a killer bee's poison

Vanquished Creatures
  A two-headed ogre (D:7)
  Grinder (D:3)
  A steam dragon (D:6)
  A water moccasin (D:7)
  An orc warrior (D:6)
  A black bear (D:5)
  2 ogres (D:6)
  Blork the orc (D:5)
  A necrophage (D:4)
  3 scorpions
  A killer bee (D:7)
  A hound (D:5)
  An orc priest (D:4)
  2 jellies (D:6)
  A gnoll shaman (D:4)
  Jessica (D:3)
  2 iguanas
  Natasha (thrice) (D:3)
  3 orc wizards
  11 gnolls
  9 adders
  2 shadow imps
  A white imp (D:6)
  An ufetubus (D:5)
  2 worms
  2 dart slugs (D:2)
  16 orcs
  7 endoplasms
  8 goblins
  9 hobgoblins
  4 jackals (D:4)
  3 quokkas
  10 ball pythons
  10 bats
  5 frilled lizards
  13 kobolds
  6 rats
147 creatures vanquished.

Table legend:
 A = Non-vault XP
 B = Vault XP
 C = Vault XP percentage of total XP
 D = Non-vault monster count
 E = Vault monster count
 F = Vault count percentage of total count
                 A         B        C        D         E       F
            +---------+---------+-------+---------+---------+-------
      Total |    2992 |     459 |  13.3 |     128 |      19 |  12.9
            +---------+---------+-------+---------+---------+-------
        D:1 |      58 |       6 |   9.4 |      28 |       4 |  12.5
        D:2 |     107 |      29 |  21.3 |      24 |      11 |  31.4
        D:3 |     117 |     339 |  74.3 |      13 |       3 |  18.8
        D:4 |     374 |       0 |   0.0 |      25 |       0 |   0.0
        D:5 |     422 |      85 |  16.8 |      23 |       1 |   4.2
        D:6 |     792 |       0 |   0.0 |      11 |       0 |   0.0
        D:7 |    1122 |       0 |   0.0 |       4 |       0 |   0.0
            +---------+---------+-------+---------+---------+-------

Illustrated notes

Table legend:
 A = Kills in this place as a percentage of kills in entire the game.
 B = Kills by you in this place as a percentage of kills by you in the entire game.
 C = Kills by friends in this place as a percentage of kills by friends in the entire game.
 D = Other kills in this place as a percentage of other kills in the entire game.
 E = Experience gained in this place as a percentage of experience gained in the entire game.
 F = Experience gained in this place divided by the number of levels of this place that you have seen.
                   A       B       C       D       E      F
               +-------+-------+-------+-------+-------+----------------------
         Total | 100.0 | 100.0 |   N/A |   N/A | 100.0 | 431.4
       Dungeon | 100.0 | 100.0 |   N/A |   N/A | 100.0 | 493.0
               +-------+-------+-------+-------+-------+----------------------

Table legend: (Time is in decaauts)
 A = Elapsed time spent in this place.
 B = Non-inter-level travel time spent in this place.
 C = Inter-level travel time spent in this place.
 D = Time resting spent in this place.
 E = Time spent auto-exploring this place.
 F = Levels seen in this place.
 G = Mean time per level.
                   A        B        C        D        E       F      G
               +--------+--------+--------+--------+--------+-----+--------+
         Total |   6251 |   6044 |    207 |    703 |   4460 |   8 |  781.4 |
       Dungeon |   6180 |   5996 |    184 |    703 |   4420 |   7 |  882.9 |
        Temple |     71 |     48 |     23 |      0 |     39 |   1 |   71.0 |
               +--------+--------+--------+--------+--------+-----+--------+

Top non-repeatable levels by time:
     D:5: 1442 daAuts
     D:2: 1320 daAuts
     D:1: 1023 daAuts
     D:4: 760 daAuts
     D:6: 626 daAuts
     D:3: 615 daAuts
     D:7: 391 daAuts
  Temple: 71 daAuts
